 Dungeon Crawl Stone Soup version 0.21.1-1-g345015f (webtiles) character file.

106 Mirai the Skirmisher (level 4, -2/35 HPs)
             Began as a Demonspawn Fighter on Mar 10, 2018.
             Slain by a gnoll
             ... wielding a +1 halberd of flaming
              (9 damage)
             ... on level 2 of the Dungeon.
             The game lasted 00:02:33 (1541 turns).

Mirai the Skirmisher (Demonspawn Fighter)           Turns: 1541, Time: 00:02:33

Health: -2/35      AC:  7    Str: 17    XL:     4   Next: 55%
Magic:  0/4        EV:  7    Int:  9    God:
Gold:   89         SH:  8    Dex: 13    Spells: 3/3 levels left

rFire    . . .     SeeInvis .   a - +0 war axe
rCold    . . .     Gourm    .   c - +0 shield
rNeg     . . .     Faith    .   b - +0 scale mail
rPois    .         Spirit   +   n - +0 helmet
rElec    .         Reflect  .   (no cloak)
rCorr    .         Harm     .   (no gloves)
MR       .....                  (no boots)
Stlth    ..........             (no amulet)
HPRegen  0.11/turn              i - +4 ring of slaying
MPRegen  0.09/turn              (no ring)

@: no status effects
A: powered by death 1, magic shield
a: no special abilities


You were on level 2 of the Dungeon.
You were not hungry.

You visited 1 branch of the dungeon, and saw 2 of its levels.

You collected 89 gold pieces.

Inventory:

Hand Weapons
 a - a +0 war axe (weapon)
 q - a cursed -2 morningstar
Armour
 b - a +0 scale mail (worn)
 c - a +0 shield (worn)
 n - a +0 helmet (worn)
Jewellery
 i - a +4 ring of slaying (left hand)
Scrolls
 l - 2 scrolls of teleportation {unknown}
 o - 2 scrolls of remove curse {unknown}
 p - a scroll of blinking {unknown}
Potions
 d - a potion of might
 e - a potion of brilliance {unknown}
 h - a potion of resistance {unknown}
 j - a potion of flight {unknown}
 k - a potion of cancellation {unknown}
 m - a potion of mutation {unknown}
Comestibles
 f - 6 rations
 g - 3 chunks of flesh


   Skills:
 + Level 3.5 Fighting
 + Level 3.2 Axes
 + Level 3.1 Armour
 * Level 1.5 Dodging
 - Level 2.6 Shields


You had 3 spell levels left.
You didn't know any spells.

Dungeon Overview and Level Annotations

Branches:
Dungeon (2/15)

Altars:
Elyvilon
Zin


Innate Abilities, Weirdness & Mutations

You regenerate a little health from kills.
When hurt, damage is shared between your health and your magic reserves.


Message History

You hit the gnoll.
The gnoll is severely wounded.
You block the gnoll's attack. x2; The gnoll hits you but does no damage.
You slash the gnoll!
You kill the gnoll!
The gnoll hits you from afar with a halberd of flaming.
The gnoll burns you.
A rat comes into view.
Unknown command.
The gnoll hits you with a halberd of flaming!
The gnoll burns you.
* * * LOW HITPOINT WARNING * * *
You hit the gnoll.
The gnoll is moderately wounded.
You completely miss the ooze.
The ooze jiggles.
The ooze hits you.
* * * LOW HITPOINT WARNING * * *
The gnoll hits you with a halberd of flaming!
You die...

### ..# . #.#
... #.#
.....####g####
#.rJ@....#
#.###.##.# #..
#.##.#
##..<#..#.#
..........#
#...##.### #
#.# #.#
######.#


You could see a gnoll, an ooze and a rat.

Vanquished Creatures
  Terence (D:2)
  3 gnolls (D:2)
  An adder (D:2)
  A worm (D:2)
  A dart slug (D:1)
  2 leopard geckos
  7 bats
  A giant cockroach (D:2)
  6 hobgoblins
  5 ball pythons
  5 frilled lizards
  3 goblins
  6 kobolds
42 creatures vanquished.

Notes
Turn   | Place    | Note
-------+----------+-------------------------------------------
     0 | D:1      | Mirai the Demonspawn Fighter began the quest for the Orb.
     0 | D:1      | Reached XP level 1. HP: 18/18 MP: 1/1
   169 | D:1      | Gained mutation: You regenerate a little health from kills. [demonic ancestry]
   169 | D:1      | Reached XP level 2. HP: 24/24 MP: 2/2
   981 | D:2      | Noticed Terence
   985 | D:2      | Reached skill level 1 in Dodging
   985 | D:2      | Reached XP level 3. HP: 29/29 MP: 3/3
   992 | D:2      | Killed Terence
  1223 | D:2      | Found a white marble altar of Elyvilon.
  1223 | D:2      | Found a glowing silver altar of Zin.
  1393 | D:2      | Gained mutation: When hurt, damage is shared between your health and your magic reserves. [demonic ancestry]
  1393 | D:2      | Reached XP level 4. HP: 35/35 MP: 4/4
  1541 | D:2      | Slain by a gnoll

Skill      XL: |  1  2  3  4 |
---------------+-------------+-----
Axes           | 2 3 |  3.2
Armour         | 3 |  3.1
Dodging        | 1 |  1.5
Fighting       | |  3.5
Shields        | |  2.6

Action                   |  1- 3 |  4- 6 || total
-------------------------+-------+-------++-------
Melee: War axe           |    80 |    30 ||   110
  Eat: Chunk             |     2 |       ||     2
Armor: Scale mail        |    37 |    18 ||    55
Dodge: Dodged            |    21 |     8 ||    29
Block: Shield            |    49 |    23 ||    72
